 Dungeon Crawl Stone Soup version 0.29-a0-231-g945431f764 (webtiles) character file.

Game seed: 10230045892391010403

54 Colgate the Poker (level 4, -2/35 HPs)
             Began as a Formicid Abyssal Knight on Mar 1, 2022.
             Was a Believer of Lugonu.
             Killed by divine providence
             ... invoked by an orc priest
              (12 damage)
             ... on level 3 of the Dungeon.
             The game lasted 00:03:05 (1573 turns).

Colgate the Poker (Formicid Abyssal Knight)         Turns: 1573, Time: 00:03:05

Health: -2/35      AC:  8    Str: 19    XL:     4   Next: 12%
Magic:  5/5        EV:  7    Int: 10    God:    Lugonu [**....]
Gold:   87         SH:  0    Dex: 11    Spells: 3/3 levels left

rFire   . . .      SeeInvis +   a - +1 spear
rCold   . . .      Faith    .   (no shield)
rNeg    . . .      Spirit   .   c - +0 chain mail
rPois   .          Reflect  .   (helmet unavailable)
rElec   .          Harm     .   (no cloak)
rCorr   .          Rampage  .   (no gloves)
Will    .....                   (no boots)
Stlth   ..........              (no amulet)
HPRegen 0.11/turn               (no ring)
MPRegen 0.09/turn               (no ring)

@: no status effects
A: permanent stasis, dig shafts and tunnels, antennae 3, four strong arms
a: Dig, Shaft Self, Renounce Religion, Depart the Abyss, Bend Space


You were on level 3 of the Dungeon.
You worshipped Lugonu.
Lugonu was pleased with you.
You visited 1 branch of the dungeon, and saw 3 of its levels.
You visited the Abyss 1 time.

You collected 87 gold pieces.

Inventory:

Hand Weapons
 a - a +1 spear (weapon)
Armour
 b - a +0 leather armour
 c - a +0 chain mail (worn)
Scrolls
 f - a scroll of amnesia {unknown}
 g - a scroll of holy word {unknown}
 h - a scroll of summoning {unknown}
 i - a scroll of vulnerability {unknown}
 j - 3 scrolls of enchant armour {unknown}
 l - a scroll of identify {unknown}
 m - a scroll of torment {unknown}
Potions
 d - a potion of resistance {unknown}
 e - 2 potions of invisibility {unknown}
 k - a potion of heal wounds {unknown}


   Skills:
 - Level 3.2 Fighting
 + Level 4.1 Polearms
 - Level 2.1 Armour
 - Level 0.8 Dodging
 - Level 2.1 Invocations


You had 3 spell levels left.
You didn't know any spells.
Your spell library was empty.

Dungeon Overview and Level Annotations

Branches:
Dungeon (3/15)

Altars:
Fedhas
Ru

Annotations:
D:3 Robin


Innate Abilities, Weirdness & Mutations

You cannot be hasted, slowed, berserked, paralysed or teleported.
You can dig through walls and to a lower floor.
You have a pair of large antennae on your head. (SInv)
Your four strong arms can wield two-handed weapons with a shield.


Message History

The goblin unwields a +2 dagger of freezing.
The goblin wields a +0 hunting sling.
The goblin shoots a sling bullet.
The sling bullet barely misses you.
The orc priest calls down the wrath of Beogh upon you.
Beogh smites you!
You hit the goblin but do no damage. The goblin hits you with a +0 club.
The goblin shoots a sling bullet.
The sling bullet hits you but does no damage.
The orc priest calls down the wrath of Beogh upon you.
Beogh smites you!
You are too injured to fight recklessly!
You are too injured to fight recklessly!
You are too injured to fight recklessly!
You are too injured to fight recklessly!
You are too injured to fight recklessly!
You are too injured to fight recklessly!
You are too injured to fight recklessly!
You are too injured to fight recklessly!
You are too injured to fight recklessly!
You are too injured to fight recklessly!
You are too injured to fight recklessly!
You are too injured to fight recklessly!
You are too injured to fight recklessly!
You are too injured to fight recklessly!
You are too injured to fight recklessly!
You are too injured to fight recklessly!
You are too injured to fight recklessly!
You are too injured to fight recklessly!
You are too injured to fight recklessly!
You are too injured to fight recklessly!
You are too injured to fight recklessly!
You are too injured to fight recklessly!
You are too injured to fight recklessly!
You are too injured to fight recklessly!
The goblin shoots a sling bullet.
The sling bullet hits you.
* * * LOW HITPOINT WARNING * * *
Robin says, "Duck!"
The orc priest calls down the wrath of Beogh upon you.
Beogh smites you!
You die...

##...).#.. ..#
#...#.# #..(
#...#####..
#...#_#.#...
##...).#..
##..###≈#≈###
#.....#...#...#
#.#...#...)...# #
##.####..@###
#..#.....g.# {
#..#....o.o# {{
#.##..###.#g.!o..#
#. ##. #ggg#o..##
> .. ###.. >...
### ##. ##. .. ##


You could see Robin, an orc priest, 2 orcs and 4 goblins.

Vanquished Creatures
  An adder (D:2)
  A worm (D:2)
  3 endoplasms
  2 giant cockroaches
  9 goblins
  5 hobgoblins
  3 kobolds
  3 quokkas
  3 ball pythons
  2 bats (D:2)
  5 frilled lizards
  3 rats (D:1)
40 creatures vanquished.

Notes
Turn   | Place    | Note
-------+----------+-------------------------------------------
     0 | Abyss:1  | Colgate the Formicid Abyssal Knight began the quest for the
                  | Orb.
     0 | Abyss:1  | Reached XP level 1. HP: 18/18 MP: 2/2
    13 | D:1      | Escaped the Abyss
   190 | D:1      | Reached XP level 2. HP: 24/24 MP: 3/3
   493 | D:1      | Reached skill level 3 in Polearms
   622 | D:1      | Reached ** piety under Lugonu
   713 | D:2      | Reached XP level 3. HP: 29/29 MP: 4/4
  1352 | D:3      | Found a faded altar of an unknown god.
  1394 | D:3      | Found a blossoming altar of Fedhas.
  1527 | D:3      | Found a sacrificial altar of Ru.
  1560 | D:3      | Reached skill level 4 in Polearms
  1560 | D:3      | Reached XP level 4. HP: 35/35 MP: 5/5
  1563 | D:3      | Noticed Robin
  1573 | D:3      | Killed from afar by an orc priest

Illustrated notes

Levels and vault maps discovered:
D:1:      minmay_arrival_five_plusses, layout_loops_ring, roderic_roman_lattice
D:2:      layout_basic
D:3:      minmay_door_path, layout_loops_corners, lemuel_tele_altar,
          hangedman_ru_absence, old_standard_altar,
          hellmonk_ecumenical_altar_blasted, minmay_misc_feat_x, uniq_robin

Skill      XL: |  1  2  3 |
---------------+----------+-----
Polearms       | 3 4 |  4.1
Fighting       | |  3.2
Armour         | |  2.1
Dodging        | |  0.8
Invocations    | |  2.1

Action                   |  1- 3 |  4- 6 || total
-------------------------+-------+-------++-------
Melee: Spear             |   103 |    12 ||   115
       Punch             |     1 |       ||     1
Armor: Chain mail        |    33 |     3 ||    36
Dodge: Dodged            |    20 |     4 ||    24

Table legend: (Time is in decaauts)
 A = Elapsed time spent in this place.
 B = Non-inter-level travel time spent in this place.
 C = Inter-level travel time spent in this place.
 D = Time resting spent in this place.
 E = Time spent auto-exploring this place.
 F = Levels seen in this place.
 G = Mean time per level.
                   A        B        C        D        E       F      G
               +--------+--------+--------+--------+--------+-----+--------+
         Total |   1566 |   1525 |     41 |      0 |   1269 |   4 |  391.5 |
       Dungeon |   1552 |   1511 |     41 |      0 |   1261 |   3 |  517.3 |
         Abyss |     13 |     13 |      0 |      0 |      7 |   1 |   13.0 |
               +--------+--------+--------+--------+--------+-----+--------+

Top non-repeatable levels by time:
     D:1: 667 daAuts
     D:2: 666 daAuts
     D:3: 218 daAuts
 Abyss:1: 13 daAuts
